Map: Frost LE

Players

Miszu

  • Race: Zerg Zerg
  • League: Master

DominiC - Winner!

  • Race: Protoss Protoss
  • League: Master

VOD

Have the link to the VOD?

Description

Time

  • Played on: June 27, 2016, 6:27 p.m.
  • Length: 6:30
Show
View Real Time Build Order
Export as new Build Order

Miszu Zerg 

Build Orders: Hatch First 

Get SALT Encoding   

  12  0:00  Drone  
  13  0:13  Overlord  
  13  0:20  Drone  
  14  0:31  Drone x2  
  16  0:37  Drone  
  17  0:52  Hatchery  
  17  0:56  Drone  
  17  1:02  Extractor  
  16  1:12  Spawning Pool  
  16  1:15  Drone  
  16  1:20  Drone  
  16  1:22  Drone  
  18  1:30  Drone  
  19  1:39  Drone  
  20  1:50  Overlord  
  20  1:59  Queen  
  22  2:04  Queen  
  22  2:05  Metabolic Boost  
  22  2:08  Drone  
  25  2:12  Zergling x2  
  25  2:14  Zergling x2  
  27  2:16  Zergling x2  
  28  2:23  Overlord  
  28  2:28  Drone  
  29  2:33  Drone  
  30  2:38  Drone  
  31  2:45  Pneumatized Carapace  
  31  2:47  Drone  
  32  2:53  Drone  
  32  2:55  Drone  
  34  2:58  Drone  
  35  3:09  Drone x3  
  35  3:10  Drone x2  
  35  3:12  Queen  
  42  3:14  Overlord  
  42  3:32  Hatchery  
  41  3:35  Drone x3  
  41  3:37  Extractor  
  41  3:38  Extractor  
  41  3:40  Overlord  
  42  3:53  Drone x7  
  49  4:00  Lair  
  48  4:05  Drone x2  
  50  4:11  Drone x2  
  50  4:16  Overlord  
  52  4:20  Baneling Nest  
  51  4:26  Zergling x8  
  55  4:32  Overlord  
  55  4:35  Zergling x6  
  55  4:37  Zergling x2  
  59  4:59  Drone x11  
  70  5:01  Extractor  
  70  5:06  Hydralisk Den  
  68  5:09  Drone x2  
  70  5:16  Zergling x4  
  70  5:18  Baneling x4  
  70  5:19  Zergling x2  
  70  5:20  Zergling x2  
  63  5:39  Zergling x2  
  63  5:40  Zergling x18  
  67  5:45  Zergling x2  
  67  5:48  Zergling x4  
  65  5:53  Queen  
Show
View Real Time Build Order
Export as new Build Order

DominiC Protoss - Winner!

Build Orders: 1 Gate Expand 

Get SALT Encoding   

  12  0:01  Probe (Chrono Boost)  
  13  0:11  Probe (Chrono Boost)  
  14  0:18  Pylon  
  14  0:22  Probe (Chrono Boost)  
  15  0:37  Probe (Chrono Boost)  
  15  0:38  Gateway  
  16  0:46  Assimilator  
  16  0:47  Probe (Chrono Boost)  
  17  0:58  Probe (Chrono Boost)  
  18  1:09  Probe (Chrono Boost)  
  19  1:23  Nexus  
  19  1:27  Probe (Chrono Boost)  
  20  1:38  Cybernetics Core  
  21  1:40  Probe (Chrono Boost)  
  21  1:45  Assimilator  
  21  1:52  Probe (Chrono Boost)  
  22  1:58  Pylon  
  22  2:02  Probe (Chrono Boost)  
  23  2:16  Mothership Core (Chrono Boost)  
  23  2:17  Adept  
  23  2:19  Warp Gate  
  27  2:35  Probe x2 (Chrono Boost)  
  29  2:45  Probe (Chrono Boost)  
  29  2:46  Adept  
  29  2:51  Probe (Chrono Boost)  
  33  2:54  Gateway  
  33  3:01  Gateway  
  33  3:04  Pylon  
  33  3:06  Probe (Chrono Boost)  
  33  3:09  Probe (Chrono Boost)  
  34  3:14  Sentry  
  34  3:18  Probe (Chrono Boost)  
  37  3:24  Probe (Chrono Boost)  
  37  3:25  Pylon  
  38  3:32  Twilight Council  
  38  3:34  Probe (Chrono Boost)  
  39  3:35  Probe (Chrono Boost)  
  40  3:44  Probe (Chrono Boost)  
  40  3:46  Probe (Chrono Boost)  
  42  3:55  Probe (Chrono Boost)  
  43  3:59  Probe (Chrono Boost)  
  43  4:01  Gateway  
  43  4:02  Gateway  
  44  4:09  Resonating Glaives (Chrono Boost)  
  44  4:10  Probe  
  44  4:12  Probe  
  46  4:21  Probe  
  46  4:23  Adept x2  
  51  4:26  Adept  
  51  4:28  Probe  
  54  4:31  Pylon  
  54  4:39  Nexus  
  54  4:43  Pylon  
  54  4:45  Probe  
  55  4:47  Adept  
  55  4:51  Adept  
  59  4:55  Adept  
  59  4:56  Probe  
  62  5:01  Adept  
  62  5:02  Adept  
  62  5:04  Probe  
  67  5:08  Probe  
  67  5:10  Assimilator  
  67  5:12  Assimilator  
  68  5:16  Probe  
  68  5:19  Probe  
  68  5:39  Adept x4  
  68  5:40  Adept  
  72  5:46  Probe  
  72  5:48  Robotics Facility  
  72  5:49  Robotics Facility  
  73  5:59  Probe  
  74  6:14  Probe  
  74  6:15  Probe  
  74  6:17  Adept x4, Probe  
  74  6:18  Adept  
Tags
 
Add a new tag
Caveats
  • Supply blocks, unpowered buildings, or Contaminate may cause inaccurate times.
  • Supply counts are checked every 10 seconds.